 Dungeon Crawl Stone Soup version 0.23-a0-4-g8f018a2 (webtiles) character file.

56 sKIBFLITUH the Ruffian (level 3, -1/33 HPs)
             Began as a Hill Orc Monk on July 31, 2018.
             Killed by divine providence
             ... invoked by an orc priest
              (13 damage)
             ... on level 2 of the Dungeon.
             The game lasted 00:09:29 (1884 turns).

sKIBFLITUH the Ruffian (Hill Orc Monk)              Turns: 1884, Time: 00:09:29

Health: -1/33      AC:  2    Str: 14    XL:     3   Next: 95%
Magic:  3/3        EV: 13    Int: 10    God:
Gold:   53         SH:  0    Dex: 13    Spells: 2/2 levels left

rFire    . . .     SeeInvis .     - Unarmed
rCold    . . .     Gourm    .   (no shield)
rNeg     . . .     Faith    .   a - +0 robe
rPois    .         Spirit   .   (no helmet)
rElec    .         Reflect  .   (no cloak)
rCorr    .         Harm     .   (no gloves)
MR       .....                  (no boots)
Stlth    ++........             (no amulet)
HPRegen  0.11/turn              (no ring)
MPRegen  0.08/turn              (no ring)

@: no status effects
A: no striking features
a: Convert to Beogh


You were on level 2 of the Dungeon.
You were not hungry.

You visited 1 branch of the dungeon, and saw 2 of its levels.

You collected 53 gold pieces.

Inventory:

Armour
 a - a +0 robe (worn)
Jewellery
 k - an uncursed amulet of harm {unknown}
 l - a +3 ring of slaying {unknown}
Scrolls
 c - a scroll of blinking {unknown}
 d - a scroll of remove curse {unknown}
 f - 3 scrolls of identify {unknown}
 g - a scroll of fog {unknown}
Potions
 e - a potion of haste {unknown}
 h - a potion of agility {unknown}
 i - 2 potions of heal wounds {unknown}
 j - a potion of cancellation {unknown}
Comestibles
 b - 2 rations


   Skills:
 + Level 4.1 Fighting
 + Level 2.8 Dodging
 + Level 1.9 Stealth
 + Level 4.2 Unarmed Combat


You had 2 spell levels left.
You didn't know any spells.
Your spell library was empty.

Dungeon Overview and Level Annotations

Branches:
Dungeon (2/15)

Altars:


Message History

The orc priest is moderately wounded.
The orc priest shouts, "Join the one true god or die!"
The orc priest misses you. The ball python closely misses you. x2
The orc hits you with a club. The orc priest hits you with a mace.
The ball python bites you. The ball python grabs you.
The ball python constricts you.
You escape the ball python's grasp.
The orc priest mumbles some strange prayers to Beogh against you.
Beogh smites you!
You see here a rat corpse.
A leopard gecko comes into view.
The leopard gecko hisses angrily.
You completely miss the ball python. The ball python bites you.
The ball python barely misses you.
You barely miss the ball python. The ball python bites you.
The ball python closely misses you.
The orc priest mumbles some strange prayers to Beogh against you.
Beogh smites you!
You die...

#.... #...# #######....
#...# #....##.... #...#
#....##.... +...+
+....''.... #...#
#....##.... #...#
####....##....
.####...###.............
..l....@S...#######..###
#########ol###oog###.#
#.o##ooSoo##.#
#..#.......#.#
#oo#.#...#.#.#
#..#...l...#.# #).#
..... #.# #..# #..#


You could see an orc priest, an orc, a leopard gecko, a ball python and a
frilled lizard.

Vanquished Creatures
  An ooze (D:1)
  2 dart slugs (D:1)
  A leopard gecko (D:1)
  An orc (D:2)
  A ball python (D:1)
  5 bats
  A giant cockroach (D:2)
  5 goblins
  3 hobgoblins (D:1)
  6 jackals
  6 kobolds
  4 frilled lizards
  5 rats
41 creatures vanquished.

Notes
Turn   | Place    | Note
-------+----------+-------------------------------------------
     0 | D:1      | sKIBFLITUH the Hill Orc Monk began the quest for the Orb.
     0 | D:1      | Reached XP level 1. HP: 19/19 MP: 1/1
   188 | D:1      | Reached XP level 2. HP: 24/27 MP: 2/2
   767 | D:1      | Reached XP level 3. HP: 21/33 MP: 3/3
  1884 | D:2      | Killed from afar by an orc priest

Vault maps used:
D:1:      roderic_chinese_lattice_arrival
D:2:      cheibrodos_pilgrimage

Skill      XL: |  1  2 |
---------------+-------+-----
Fighting       | 4 |  4.1
Unarmed Combat | 4 |  4.2
Dodging        | |  2.8
Stealth        | |  1.9

Action                   || total
-------------------------++-------
Melee: Unarmed           ||   135
       Punch             ||     2
 Stab: Sleeping          ||     3
  Eat: Ration            ||     1
Armor: Robe              ||    27
Dodge: Dodged            ||    87

Table legend:
 A = Spawn XP
 B = Non-spawn XP
 C = Spawn XP percentage of total XP
 D = Spawn monster count
 E = Non-spawn monster count
 F = Spawn count percentage of total count
 G = Total turns spent on level
                    A         B        C        D         E        F      G
               +---------+---------+-------+---------+---------+-------+---------
         Total |       0 |      80 |   0.0 |       0 |      41 |   0.0 |  1884
               +---------+---------+-------+---------+---------+-------+---------
           D:1 |       0 |      53 |   0.0 |       0 |      25 |   0.0 |  1410
           D:2 |       0 |      27 |   0.0 |       0 |      16 |   0.0 |   474
               +---------+---------+-------+---------+---------+-------+---------
